 Dungeon Crawl Stone Soup version 0.32-a0-799-g95e1662365 (webtiles) character file.

Game seed: 246761596206785822

77 Orlauf the Poker (level 4, -5/35 HPs)
             Began as a Demonspawn Gladiator on Mar 21, 2024.
             Slain by an iguana (9 damage)
             ... on level 4 of the Dungeon.
             The game lasted 00:03:13 (2758 turns).

Orlauf the Poker (Demonspawn Gladiator)             Turns: 2758, Time: 00:03:13

Health: -5/35      AC:  7    Str: 16    XL:     4   Next: 14%
Magic:  4/4        EV: 10    Int:  8    God:
Gold:   122        SH:  5    Dex: 15    Spells: 3/3 levels left

rFire   . . .        b - +3 spear (vamp)
rCold   . . .        (no shield)
rNeg    . . .        o - +0 ring mail
rPois   .            c - +1 helmet
rElec   .            (no cloak)
rCorr   .            (no gloves)
SInv    .            (no boots)
Will    .....        g - amulet of reflection
Stlth   +            (no ring)
HPRegen 0.25/turn    (no ring)
MPRegen 0.09/turn

%: reflection
@: no status effects
A: weakness stinger 1
a: no special abilities


You were on level 4 of the Dungeon.
You visited 1 branch of the dungeon, and saw 4 of its levels.

You collected 122 gold pieces.

Inventory:

Hand Weapons
 a - a +0 trident
 b - a +3 vampiric spear (weapon)
Missiles
 d - 3 throwing nets (quivered)
 e - a javelin
 p - 5 poisoned darts
Armour
 c - a +1 helmet (worn)
 o - a +0 ring mail (worn)
Jewellery
 g - an amulet of reflection (around neck)
 t - a ring of fire
Scrolls
 f - a scroll of fog
 h - 2 scrolls of teleportation
 k - 2 scrolls of identify
 s - a scroll of butterflies
 u - a scroll of vulnerability
Potions
 i - a potion of ambrosia
 j - 3 potions of curing
 l - a potion of attraction
 m - a potion of brilliance
 n - a potion of lignification
 q - a potion of mutation


   Skills:
 + Level 3.0 Fighting
 * Level 4.0 Polearms
 - Level 1.7 Throwing
 - Level 2.6 Dodging


You had 3 spell levels left.
You didn't know any spells.
Your spell library contained the following spells:

 Spells                   Type           Power      Damage    Failure   Level
 Freeze                   Ice            0%         1d3       63%         1
 Summon Small Mammal      Summ           0%         N/A       63%         1
 Call Canine Familiar     Summ           0%         N/A       94%         3
 Frozen Ramparts          Ice            0%         1d1       94%         3
 Hailstorm                Conj/Ice       0%         3d5       94%         3
 Olgreb's Toxic Radiance  Alch           0%         N/A       100%        4
 Summon Blazeheart Golem  Fire/Summ      0%         N/A       100%        4
 Ozocubu's Refrigeration  Ice            0%         4d7       100%        7
 Discord                  Hex            0%         N/A       100%        8


Dungeon Overview and Level Annotations

Branches:
Dungeon (4/15)
 Temple: D:4-7

Altars:

Annotations:
D:3 2 transporters, Hsik's ghost, amateur OnWr


Innate Abilities, Weirdness & Mutations

You have a small tail.


Message History

You are too injured to fight recklessly!
You barely miss the iguana.
You tail-slap the iguana, but do no damage.
The iguana is severely wounded.
The giant cockroach closely misses you. The iguana closely misses you.
You hit the iguana but do no damage.
The iguana is severely wounded.
The giant cockroach bites you. The iguana barely misses you.
You hit the iguana but do no damage. You tail-slap the iguana.
The iguana is almost dead.
The giant cockroach bites you but does no damage.
You barely miss the iguana.
The iguana is almost dead.
The iguana bites you.
The giant cockroach bites you but does no damage.
You hit the iguana but do no damage.
The iguana is severely wounded.
The giant cockroach closely misses you. The iguana bites you!
* * * LOW HITPOINT WARNING * * *
You hit the giant cockroach.
You feel better.
The giant cockroach is severely wounded.
The giant cockroach closely misses you.
The iguana bites you but does no damage.
The giant cockroach bites you.
* * * LOW HITPOINT WARNING * * *
You hit the giant cockroach.
You feel better.
You kill the giant cockroach!
The iguana bites you.
* * * LOW HITPOINT WARNING * * *
You hit the iguana but do no damage.
The iguana is severely wounded.
You block the iguana's attack.
You closely miss the iguana.
The iguana is severely wounded.
The iguana barely misses you.
Okay, then.
You hit the iguana.
You feel better.
The iguana is almost dead.
The iguana bites you!
You die...

#....#
...... #....
. ##.... ..
##...# ...
##...# ..).
#..<# .....
#...##......
#...@l......
#....)......
##........<.
#...........
##..........
#..........
.!.##=...##
.#.. ...##


You could see an iguana.

Vanquished Creatures
  3 adders (D:2)
  3 ball pythons
  4 bats
  5 endoplasms
  3 giant cockroaches
  A goblin (D:1)
  3 hobgoblins
  4 jackals (D:3)
  6 kobolds
  5 quokkas
  4 frilled lizards
  5 rats
46 creatures vanquished.

Notes
Turn   | Place    | Note
-------+----------+-------------------------------------------
     0 | D:1      | Orlauf the Demonspawn Gladiator began the quest for the
                  | Orb.
     0 | D:1      | Reached XP level 1. HP: 16/16 MP: 1/1
   389 | D:1      | Reached skill level 3 in Polearms
   482 | D:1      | Gained mutation: You have a small tail. [demonic ancestry]
   482 | D:1      | Reached XP level 2. HP: 22/22 MP: 2/2
  1148 | D:2      | Reached XP level 3. HP: 28/28 MP: 3/3
  1595 | D:2      | Found a faded altar of an unknown god.
  2075 | D:3      | Reached skill level 4 in Polearms
  2075 | D:3      | Reached XP level 4. HP: 29/34 MP: 4/4
  2117 | D:3      | Found a transporter.
  2120 | D:3      | Found a transporter.
  2120 | D:3      | Noticed Hsik's ghost (amateur OnWr)
  2758 | D:4      | Slain by an iguana

Illustrated notes

Levels and vault maps discovered:
D:1:      matt_arrival_spirals, layout_basic
D:2:      layout_basic, shapermc_ecumenical_altar_mp_urbaneastern
D:3:      layout_basic, serial_rivers, chequers_serial_rivers_micro_b,
          chequers_serial_rivers_micro_d, chequers_serial_rivers_micro_e,
          chequers_serial_rivers_marsh, chequers_serial_rivers_small_a,
          gammafunk_ghost_arena, minmay_pentangle
D:4:      layout_layer_cave, lemuel_round_altar, minmay_between

Skill      XL: |  1  2  3  4 |
---------------+-------------+-----
Polearms       | 3 4 |  4.0
Fighting       | 3 |  3.0
Throwing       | |  1.7
Dodging        | |  2.6

Action                     |  1- 3 |  4- 6 || total
---------------------------+-------+-------++-------
  Melee: Trident           |    55 |       ||    55
         Spear             |    70 |    56 ||   126
         Tailslap          |    12 |     6 ||    18
    Use: Scroll            |    11 |     2 ||    13
 Armour: Leather armour    |    23 |       ||    23
         Ring mail         |    21 |    29 ||    50
  Dodge: Dodged            |    42 |    25 ||    67
  Block: Other             |    10 |    11 ||    21
         Reflection        |     1 |     1 ||     2

Table legend: (Time is in decaauts)
 A = Elapsed time spent in this place.
 B = Non-inter-level travel time spent in this place.
 C = Inter-level travel time spent in this place.
 D = Time resting spent in this place.
 E = Time spent auto-exploring this place.
 F = Levels seen in this place.
 G = Mean time per level.
                   A        B        C        D        E       F      G
               +--------+--------+--------+--------+--------+-----+--------+
         Total |   2757 |   2692 |     65 |     97 |   2193 |   4 |  689.2 |
       Dungeon |   2757 |   2692 |     65 |     97 |   2193 |   4 |  689.2 |
               +--------+--------+--------+--------+--------+-----+--------+

Top non-repeatable levels by time:
     D:1: 1040 daAuts
     D:3: 857 daAuts
     D:2: 832 daAuts
     D:4: 27 daAuts
